 Dungeon Crawl Stone Soup version 0.29-a0-284-gf9362112df (webtiles) character file.

Game seed: 3341497535290098343

5 GigaChad the Bolt Thrower (level 1, 0/17 HPs)
             Began as a Gnoll Wanderer on Mar 30, 2022.
             Slain by a frilled lizard (1 damage)
             ... on level 1 of the Dungeon.
             The game lasted 00:01:31 (138 turns).

GigaChad the Bolt Thrower (Gnoll Wanderer)           Turns: 138, Time: 00:01:31

Health: 0/17       AC:  3    Str: 13    XL:     1   Next: 80%
Magic:  1/1        EV: 10    Int:  7    God:
Gold:   19         SH:  5    Dex: 13    Spells: 0/0 levels left

rFire   . . .      SeeInvis .   c - +0 hand crossbow
rCold   . . .      Faith    .   d - +0 buckler
rNeg    . . .      Spirit   .   f - +0 leather armour
rPois   .          Reflect  .   (no helmet)
rElec   .          Harm     .   (no cloak)
rCorr   .          Rampage  .   (no gloves)
Will    .....                   (no boots)
Stlth   ++........              (no amulet)
HPRegen 0.05/turn               (no ring)
MPRegen 0.07/turn               (no ring)

@: no status effects
A: fangs 1, strong nose, distributed training
a: no special abilities


You were on level 1 of the Dungeon.
You visited 1 branch of the dungeon, and saw 1 of its levels.

You collected 19 gold pieces.

Inventory:

Hand Weapons
 a - a +2 dagger
 c - a +0 hand crossbow (weapon)
Missiles
 b - 3 curare-tipped darts
Armour
 d - a +0 buckler (worn)
 f - a +0 leather armour (worn)
Scrolls
 h - a scroll of identify {unknown}
Potions
 e - a potion of curing
 g - 2 potions of flight {unknown}


   Skills:
 + Level 2.4 Fighting
 + Level 0.1 Short Blades
 + Level 0.1 Long Blades
 + Level 0.1 Axes
 + Level 0.1 Maces & Flails
 + Level 0.1 Polearms
 + Level 0.1 Staves
 + Level 0.1 Slings
 + Level 0.1 Bows
 + Level 6.4 Crossbows
 + Level 4.4 Throwing
 + Level 2.4 Armour
 + Level 0.1 Dodging
 + Level 2.2 Stealth
 + Level 4.4 Shields
 + Level 0.1 Unarmed Combat
 + Level 0.1 Spellcasting
 + Level 0.1 Conjurations
 + Level 0.1 Hexes
 + Level 0.1 Summonings
 + Level 0.1 Necromancy
 + Level 0.1 Translocations
 + Level 0.1 Transmutations
 + Level 0.1 Fire Magic
 + Level 0.1 Ice Magic
 + Level 0.1 Air Magic
 + Level 0.1 Earth Magic
 + Level 0.1 Poison Magic
 + Level 0.2 Invocations
 + Level 0.1 Evocations


You couldn't memorise any spells.
You didn't know any spells.
Your spell library was empty.

Dungeon Overview and Level Annotations

Branches:
Dungeon (1/15)

Altars:


Innate Abilities, Weirdness & Mutations

You have very sharp teeth.
Your uncanny sense of smell can sniff out nearby items.
Your experience applies equally to all skills.


Message History

You shoot a bolt. The bolt completely misses the kobold.
The bolt hits the withered plant.
The withered plant begins to crumble.
The withered plant is lightly damaged.
The kobold barely misses you. The kobold hits you with a +0 whip.
A frilled lizard comes into view.
You shoot a bolt. The bolt barely misses the kobold.
The frilled lizard hisses angrily.
The bolt hits the withered plant.
The withered plant is lightly damaged.
The kobold hits you with a +0 whip.
A quokka comes into view.
You shoot a bolt. The bolt closely misses the kobold.
The bolt hits the withered plant.
The withered plant is lightly damaged.
The withered plant crumbles away.
The kobold barely misses you.
You shoot a bolt. The bolt closely misses the kobold.
The bolt hits the withered plant.
The withered plant begins to crumble.
The withered plant is lightly damaged.
The kobold hits you but does no damage. The goblin hits you but does no damage.
The kobold hits you but does no damage.
The frilled lizard hisses.
The quokka attacks as you move away! The quokka bites you.
The goblin attacks as you move away! The goblin hits you but does no damage.
The kobold hits you with a +0 whip. The kobold attacks as you move away!
The kobold hits you but does no damage.
Found 3 gold pieces.
The kobold attacks as you move away! You block the kobold's attack.
The kobold hits you with a +0 whip.
* * * LOW HITPOINT WARNING * * *
The goblin closely misses you.
You open the door.
The quokka bites you but does no damage.
The kobold hits you with a +0 whip.
* * * LOW HITPOINT WARNING * * *
You block the goblin's attack.
Found 6 gold pieces.
The goblin attacks as you move away! The goblin hits you with a +0 dagger.
* * * LOW HITPOINT WARNING * * *
The frilled lizard bites you.
You die...

....... ....$ .....
... ... #.# #.#
#$#####@#### ..
#.....grlK.# .
...########r..).###..
.....................
........#.##..#.#..P.
..#####.#.##..#+..♣.P
#.#.#......._P♣
#.#...?......P♣
#.##........♣..


You could see 2 quokkas, a goblin, a kobold and a frilled lizard.

Vanquished Creatures
  An endoplasm (D:1)
  A goblin (D:1)
  A hobgoblin (D:1)
  A bat (D:1)
  A rat (D:1)
5 creatures vanquished.

Vanquished Creatures (others)
  2 withered plants (D:1)
2 creatures vanquished.

Grand Total: 7 creatures vanquished

Notes
Turn   | Place    | Note
-------+----------+-------------------------------------------
     0 | D:1      | GigaChad the Gnoll Wanderer began the quest for the Orb.
     0 | D:1      | GigaChad set off with the following items: a +2 dagger, 3
                  | curare-tipped darts, a +0 hand crossbow, a +0 buckler, a
                  | potion of curing, a +0 leather armour
     0 | D:1      | Reached XP level 1. HP: 17/17 MP: 1/1
   113 | D:1      | Found a faded altar of an unknown god.
   138 | D:1      | Slain by a frilled lizard

Illustrated notes

Levels and vault maps discovered:
D:1:      dpeg_arrival_tiny_a, layout_basic, ebering_ecumenical_altar_petrified,
          serial_shops, shop

Action                   || total
-------------------------++-------
 Fire: Hand crossbow     ||    18
Armor: Leather armour    ||     7
Dodge: Dodged            ||     5
Block: Buckler           ||     7

Table legend: (Time is in decaauts)
 A = Elapsed time spent in this place.
 B = Non-inter-level travel time spent in this place.
 C = Inter-level travel time spent in this place.
 D = Time resting spent in this place.
 E = Time spent auto-exploring this place.
 F = Levels seen in this place.
 G = Mean time per level.
                   A        B        C        D        E       F      G
               +--------+--------+--------+--------+--------+-----+--------+
         Total |    141 |    141 |      0 |      0 |      0 |   1 |  141.0 |
       Dungeon |    141 |    141 |      0 |      0 |      0 |   1 |  141.0 |
               +--------+--------+--------+--------+--------+-----+--------+

Top non-repeatable levels by time:
     D:1: 141 daAuts
